Description

Lambos ZvP Hatch First Opening

Build Order

Get SALT Encoding   

  8  0:00  Drone  
  9  0:10  Drone  
  10  0:16  Drone  
  11  0:23  Drone  
  12  0:33  Overlord  
  12  0:40  Extractor, Drone  
  13  0:51  Drone x2  
  15  0:58  Drone  
  16  1:15  Hatchery  
  15  1:19  Drone x2  
  18  1:36  Extractor  
  17  1:41  Spawning Pool  
  19  2:06  Overlord  
  20  2:28  Queen x2  
  27  2:37  Zergling x2  
  27  2:41  Metabolic Boost  
  28  2:47  Overlord  
  33  3:13  Hatchery  
  34  3:24  Overlord  
  35  3:30  Queen  
  40  3:45  Overlord  
  43  3:51  Queen  
  46  4:02  Spore Crawler  
  46  4:06  Queen  
  50  4:10  Spore Crawler  
  66  4:57  Extractor x2, Lair  
  65  5:01  Roach Warren  
  65  5:06  Zergling x4  
  67  5:11  Zergling x8  
  72  5:17  Extractor  
  80  5:31  Extractor x2  
  80  5:32  Evolution Chamber  
  81  5:44  Hatchery  
  89  6:03  Roach x4  
  97  6:07  Spire  
  97  6:09  Roach x2  
  98  6:33  Roach x4  
Spawning Tool Build Advisor. Get it on Overwolf

Go to:

Details

  • Created by: Redwood
  • Published on: Sep 05, 2026
  • Modified on: Sep 05, 2026
  • Patch: 5.0.16
  • Difficulty: Easy
Show
View Real Time Build Order
Export as new Build Order

Comments (0)

There are no comments. Be the first!

Create an account to comment!